 Dungeon Crawl Stone Soup version 0.29.1-13-g9f3cf754e1 (webtiles) character file.

Game seed: 7550908436573253238

237227 BeingJoeMalik the Bludgeoner (level 19, -1/132 HPs)
             Began as a Tengu Fighter on Jan 10, 2023.
             Was the Champion of Okawaru.
             Killed by divine providence
             ... invoked by a deep elf high priest
              (10 damage)
             ... on level 2 of the Elven Halls on Jan 23, 2023.
             The game lasted 02:07:31 (32707 turns).

BeingJoeMalik the Bludgeoner (Tengu Fighter)       Turns: 32707, Time: 02:07:31

Health: -1/132     AC: 14    Str: 19    XL:     19   Next: 23%
Magic:  8/8        EV: 27    Int: 12    God:    Okawaru [******]
Gold:   3313       SH: 13    Dex: 19    Spells: 18/18 levels left

rFire   . . .      SeeInvis +   I - +5 demon whip "Spellbinder" {antimagic, Will+}
rCold   + . .      Faith    .   x - +1 kite shield of Razeic {rElec rN++ Str-3 Stlth+}
rNeg    + + .      Spirit   .   K - +0 troll leather armour
rPois   .          Reflect  .   C - +3 crown of Dyrovepreva {rElec Int+2 SInv}
rElec   +          Harm     .   u - scarf {repulsion}
rCorr   .          Rampage  .   p - +0 pair of gloves
Will    ++...                   (boots unavailable)
Stlth   +++++.....              e - amulet of regeneration
HPRegen 1.92/turn               X - ring "Qeat" {rC+ AC+4 Str+4}
MPRegen 0.11/turn               g - +4 ring of slaying

@: flying quickly and evasively, studying Polearms, repel missiles, quick
A: beak, talons 3, nimble flight
}: 2/15 runes: decaying, serpentine
a: Renounce Religion, Heroism, Finesse, Duel


You were on level 2 of the Elven Halls.
You worshipped Okawaru.
Okawaru was exalted by your worship.
You visited 7 branches of the dungeon, and saw 32 of its levels.
You also visited: Ice Cave and Wizlab.

You collected 4635 gold pieces.
You spent 1322 gold pieces at shops.

Inventory:

Hand Weapons
 G - the +7 great mace "Undeadhunter" {disrupt, rN+}
   (You bought it in a shop on level 6 of the Dungeon)

   It inflicts significantly more damage against the undead.
   rN:        It protects you from negative energy.
 H - the +6 morningstar "Xysif" {protect, *Rage Fly rElec Str+5}
   (You found it on level 8 of the Dungeon)

   It grants its wielder temporary protection when it strikes (+7 to AC).
   Str:       It affects your strength (+5).
   rElec:     It insulates you from electricity.
   Fly:       It grants you flight.
   *Rage:     It berserks you when you make melee attacks (+20% chance).
 I - the +5 demon whip "Spellbinder" (weapon) {antimagic, Will+}
   (You found it in a wizard's laboratory)

   It reduces the magical energy of the wielder, and disrupts the spells and
   magical abilities of those it strikes.
   Natural abilities and divine invocations are not affected.
   It unleashes wild and unpredictable magical effects upon striking a wizard or
   a creature with magical abilities.
   Will:      It increases your willpower.
 Y - the +7 dire flail "Vyurchig" {vorpal, rN++ Will+ MP+9 Stlth+}
   (Okawaru gifted it to you on level 5 of the Lair of Beasts)

   It inflicts extra damage upon your enemies.
   rN:        It greatly protects you from negative energy.
   MP:        It affects your magic capacity (+9).
   Will:      It increases your willpower.
   Stlth:     It makes you more stealthy.
Missiles
 f - 39 poisoned darts
 s - 5 boomerangs of dispersal
 z - 10 curare-tipped darts
 D - a throwing net (quivered)
 R - 5 silver javelins
Armour
 p - a +0 pair of gloves (worn)
 q - +0 swamp dragon scales
 u - a scarf of repulsion (worn)
 x - the +1 kite shield of Razeic (worn) {rElec rN++ Str-3 Stlth+}
   (Okawaru gifted it to you on level 2 of the Snake Pit)

   Str:       It affects your strength (-3).
   rElec:     It insulates you from electricity.
   rN:        It greatly protects you from negative energy.
   Stlth:     It makes you more stealthy.
 y - quicksilver dragon scales
 C - the +3 crown of Dyrovepreva (worn) {rElec Int+2 SInv}
   (You acquired it on level 5 of the Lair of Beasts)

   Int:       It affects your intelligence (+2).
   rElec:     It insulates you from electricity.
   SInv:      It lets you see invisible.
 K - a +0 troll leather armour (worn)
Jewellery
 b - the ring of Anarchy {rN+ Will+ Int+3}
   (You acquired it on level 5 of the Lair of Beasts)

   [ring of willpower]

   Int:       It affects your intelligence (+3).
   rN:        It protects you from negative energy.
   Will:      It increases your willpower.
 e - an amulet of regeneration (around neck)
 g - a +4 ring of slaying (right hand)
 N - a ring of poison resistance
 P - the ring "Xenunus" {Fly MP+9 Str-3 Stlth+}
   (You found it in a wizard's laboratory)

   [ring of magical power]

   Str:       It affects your strength (-3).
   MP:        It affects your magic capacity (+9).
   Fly:       It grants you flight.
   Stlth:     It makes you more stealthy.
 X - the ring "Qeat" (left hand) {rC+ AC+4 Str+4}
   (You found it on level 4 of the Lair of Beasts)

   [ring of protection]

   AC:        It affects your AC (+4).
   Str:       It affects your strength (+4).
   rC:        It protects you from cold.
Wands
 a - a wand of flame (26)
 c - a wand of polymorph (3)
 k - a wand of light (13)
 B - a wand of digging (6)
 J - a wand of iceblast (48)
 L - a wand of mindburst (10)
Scrolls
 i - 3 scrolls of blinking
 j - 2 scrolls of magic mapping
 l - 4 scrolls of poison
 n - 4 scrolls of enchant weapon
 o - 4 scrolls of amnesia
 A - 2 scrolls of enchant armour
 E - 3 scrolls of fear
 F - 14 scrolls of teleportation
 M - 4 scrolls of fog
 S - 23 scrolls of identify
Potions
 d - 5 potions of might
 h - 21 potions of curing
 m - 5 potions of magic
 r - 4 potions of cancellation
 t - 10 potions of brilliance
 v - 8 potions of mutation
 w - 2 potions of heal wounds
 O - 3 potions of invisibility
 Q - 4 potions of berserk rage
 T - a potion of resistance
 U - 2 potions of haste


   Skills:
 + Level 19.0 Fighting
 - Level 20.3 Maces & Flails
 - Level 5.0 Throwing
 + Level 9.7 Armour
 + Level 17.8 Dodging
 + Level 7.1 Stealth
 - Level 8.7 Shields
 * Level 5.4 Invocations


You had 18 spell levels left.
You didn't know any spells.
Your spell library contained the following spells:

 Spells                   Type           Power      Damage    Failure   Level
 Beastly Appendage        Tmut           0%         N/A       65%         1
 Foxfire                  Conj/Fire      0%         2x1d4     65%         1
 Freeze                   Ice            0%         1d3       65%         1
 Sandblast                Erth           0%         2d4       65%         1
 Slow                     Hex            0%         N/A       65%         1
 Sting                    Tmut/Pois      0%         1d3       65%         1
 Ensorcelled Hibernation  Hex/Ice        0%         N/A       80%         2
 Passwall                 Tmut/Erth      0%         N/A       80%         2
 Poisonous Vapours        Pois/Air       0%         N/A       80%         2
 Wereblood                Tmut           0%         N/A       80%         2
 Confusing Touch          Hex            0%         N/A       95%         3
 Conjure Flame            Conj/Fire      0%         6-21      95%         3
 Frozen Ramparts          Ice            0%         1d1       95%         3
 Inner Flame              Hex/Fire       0%         N/A       95%         3
 Ozocubu's Armour         Ice            0%         N/A       95%         3
 Portal Projectile        Hex/Tloc       0%         N/A       95%         3
 Spider Form              Tmut/Pois      0%         N/A       95%         3
 Stone Arrow              Conj/Erth      0%         3d7       95%         3
 Vampiric Draining        Necr           0%         2d6       95%         3
 Anguish                  Hex/Necr       0%         N/A       100%        4
 Corpse Rot               Necr/Pois/Air  0%         N/A       100%        4
 Flame Wave               Conj/Fire      0%         2d4       100%        4
 Hailstorm                Conj/Ice       0%         3d3       100%        4
 Ice Form                 Ice/Tmut       0%         N/A       100%        4
 Olgreb's Toxic Radiance  Pois           0%         N/A       100%        4
 Petrify                  Tmut/Erth      0%         N/A       100%        4
 Blade Hands              Tmut           0%         N/A       100%        5
 Borgnjor's Vile Clutch   Necr/Erth      0%         N/A       100%        5
 Fireball                 Conj/Fire      0%         3d3       100%        5
 Iskenderun's Battlesphe  Conj           0%         2d6       100%        5
 Metabolic Englaciation   Hex/Ice        0%         N/A       100%        5
 Silence                  Hex/Air        0%         N/A       100%        5
 Conjure Ball Lightning   Conj/Air       0%         3x3d6     100%        6
 Starburst                Conj/Fire      0%         6d3       100%        6
 Statue Form              Tmut/Erth      0%         N/A       100%        6
 Orb of Destruction       Conj           0%         9d5       100%        7
 Ozocubu's Refrigeration  Ice            0%         4d7       100%        7
 Ignition                 Fire           0%         3d3       100%        8
 Tukima's Dance           Hex            Unusable   N/A       N/A         3
 Animate Dead             Necr           Unusable   N/A       N/A         4
 Summon Ice Beast         Ice/Summ       Unusable   N/A       N/A         4
 Death Channel            Necr           Unusable   N/A       N/A         6

Dungeon Overview and Level Annotations

Branches:
Dungeon (14/15)            Temple (1/1) D:4            Lair (5/5) D:9
  Swamp (4/4) Lair:3        Snake (4/4) Lair:3        Slime (0/5) Lair:4
    Orc (2/2) D:10            Elf (2/3) Orc:2        Vaults (0/5) D:14
  IceCv (visited)          WizLab (visited)

Altars:
Ashenzari
Cheibriados
Dithmenos
Elyvilon
Fedhas
Gozag
Hepliaklqana
Kikubaaqudgha
Makhleb
Nemelex Xobeh
Okawaru
Qazlal
Ru
Sif Muna
Trog
Uskayaw
Vehumet
Wu Jian
Xom
Yredelemnul
Zin
The Shining One
Jiyva

Shops:
D:2 =   D:6 (   D:8 (   D:13 (   Orc:1 (   Orc:2 ([=*   Snake:1 :   Snake:3 [![
Snake:4 :

Annotations:
D:9 2 transporters
D:12 3 runed translucent doors, exclusion: obsidian statue, Wyet's ghost, journeyman HOFi


Innate Abilities, Weirdness & Mutations

You have a beak for a mouth.
You have claws for feet.
Your magical nature lets you fly swiftly and evasively.


Message History

The deep elf high priest prays to its god.
The deep elf high priest begins emitting a brilliant aura!
The deep elf archer is empowered by the deep elf high priest's aura! x2
The deep elf sorcerer moves out of view.
A deep elf archer comes into view. It is wielding a +0 short sword.
A deep elf pyromancer comes into view. It is wielding a +0 dagger.
The deep elf archer unwields a +0 short sword.
The deep elf archer wields a +0 longbow.
The deep elf archer shoots an arrow.
The arrow closely misses you.
The deep elf high priest utters a dark prayer and points at you.
Your life force is offered up.
Unknown command.
Unknown command.
The deep elf sorcerer casts a spell.
The deep elf sorcerer seems to speed up.
The deep elf pyromancer shouts!
There is a stone staircase leading up here.
Unknown command.
The deep elf archer points at you and mumbles some strange words.
You resist with almost no effort.
The deep elf high priest calls down the wrath of its god upon you.
The sphere of damnation explodes!
The damnation engulfs you!!!
The deep elf pyromancer mumbles some strange words.
The deep elf pyromancer blinks!
The deep elf archer unwields a +0 short sword.
The deep elf archer wields a +0 shortbow.
The deep elf archer shoots an arrow.
You block the arrow.
The deep elf sorcerer gestures at you while chanting.
The bolt of acid misses you.
The deep elf archer shoots an arrow.
The arrow hits you!!
The deep elf high priest invokes the aid of its god against you.
The sphere of damnation explodes!
The damnation engulfs you!!
The deep elf sorcerer gestures at you while chanting.
You easily resist.
The deep elf pyromancer casts a spell at you.
The bolt of fire hits you!!!
* * * LOW HITPOINT WARNING * * *
The deep elf high priest invokes the aid of its god against you.
Something smites you!
You die...

##...## ##.....##
##.......##
##.........#
......e.e..#
#.e.$..ee..#
...>$.....#
........@.#
#.###...#.#
........#.#######
#.###..........!.
#.#.>...#.######
..#.###.#.# #.#.#
#.#.#
#.#.###.#.####
#..>.........#


You could see a deep elf sorcerer (fast, empowered), 2 deep elf archers, a deep
elf high priest (brilliance aura) and a deep elf pyromancer (empowered).

Vanquished Creatures
  A Head Instructor (WizLab)
  the Lernaean hydra (Swamp:4)
  Bai Suzhen (Swamp:3)
  A quicksilver dragon (WizLab)
  Gastronok (Lair:1)
  3 thorn hunters
  2 tengu reavers (WizLab)
  5 nagarajas
  2 draconian knights (WizLab)
  A fire giant (D:13)
  A fenstrider witch (Swamp:3)
  2 orc warlords
  A deep elf demonologist (Elf:1)
  4 bunyips
  A deep elf annihilator (Elf:1)
  2 eleionomae
  Snorg (Lair:4)
  A fire dragon (Lair:5)
  5 salamander tyrants
  4 boulder beetles
  18 hydras
  3 centaur warriors
  An ice dragon (D:11)
  10 alligators
  9 two-headed ogres
  4 ghost crabs
  14 naga warriors
  3 dancing weapons
  10 anacondas
  A vampire mage (WizLab)
  2 death yaks (Lair:5)
  An orc high priest (Orc:2)
  8 naga sharpshooters
  2 deep elf knights
  A hell knight (WizLab)
  13 shock serpents
  Sonja (Lair:3)
  A skeletal warrior (D:13)
  7 goliath frogs
  4 salamander mystics
  2 spriggan druids
  3 naga ritualists
  8 swamp dragons
  12 bog bodies
  2 lindwurms (Lair:5)
  4 necromancers
  3 deep elf archers (Elf:1)
  14 deep elf zephyrmancers
  A wizard (WizLab)
  5 deep elf pyromancers
  2 orc sorcerers
  3 orc knights
  5 manticores
  31 salamanders
  A wolf spider (Lair:5)
  9 mana vipers
  3 cyclopes
  3 will-o-the-wisps
  8 ugly things
  4 elephants (Lair:2)
  10 guardian serpents
  2 ice statues (IceCv)
  The ghost of Anandil the Magician, a novice DEFE (D:5)
  33 black mambas
  8 torpor snails
  17 naga magi
  A gargoyle (D:12)
  2 kobold demonologists
  16 rime drakes
  4 komodo dragons
  2 efreet (D:13)
  2 unseen horrors
  14 cane toads
  A komodo dragon (shapeshifter) (D:13)
  2 yaktaurs (D:13)
  3 tengu conjurers (WizLab)
  10 trolls
  11 tyrant leeches
  8 polar bears
  A blink frog (shapeshifter) (D:13)
  4 dream sheep (Lair:4)
  18 hornets
  8 blink frogs
  7 slime creatures (D:13)
  An air elemental (Elf:1)
  3 shadows
  7 spriggans
  A vampire (D:11)
  8 wraiths
  6 centaur simulacra (D:11)
  2 water elementals (D:13)
  38 yaks
  21 wyverns
  7 basilisks
  3 redbacks (Lair:5)
  22 vampire mosquitoes
  A steam dragon (D:8)
  35 nagas
  A harpy simulacrum (IceCv)
  4 wargs (Orc:2)
  17 swamp worms
  A hell hound (Lair:5)
  2 acid dragons
  19 water moccasins
  7 ice beasts
  7 swamp drakes (Swamp:4)
  32 orc warriors
  2 sky beasts (D:7)
  2 black bears
  11 wolves
  3 boggarts (D:14)
  11 ogres
  5 centaurs
  Blork the orc (D:6)
  2 kobold brigands (D:10)
  An earth elemental (Elf:1)
  A necrophage (D:7)
  12 bullfrogs
  A scorpion (D:7)
  2 elephant simulacra (IceCv)
  2 howler monkeys
  7 electric eels
  A jelly (D:4)
  15 orc priests
  A bullfrog skeleton (D:5)
  4 hounds
  2 iguanas (D:6)
  35 orc wizards
  Ijyb (D:4)
  7 hell rats
  A mummy (D:8)
  Robin (D:4)
  A howler monkey skeleton (D:5)
  7 gnolls
  3 river rats (Lair:3)
  7 adders
  A shadow imp (D:8)
  5 white imps
  A howler monkey simulacrum (D:11)
  2 worms
  2 dart slugs
  61 orcs
  4 bats
  6 endoplasms
  7 giant cockroaches
  19 goblins
  5 hobgoblins
  3 jackals
  3 quokkas
  7 ball pythons
  4 frilled lizards
  2 hobgoblin zombies (D:8)
  12 kobolds
  2 kobold zombies (D:8)
  5 rats
  A briar patch (Swamp:1)
1007 creatures vanquished.

Vanquished Creatures (others)
  A deep elf zephyrmancer (Elf:1)
  A salamander (Snake:2)
  A will-o-the-wisp (Swamp:4)
  A bloated husk (Swamp:3)
  A yak (D:11)
  9 briar patches (Swamp:1)
  A bush (Swamp:4)
  17 foxfires
  33 fungi
  56 plants
121 creatures vanquished.

Grand Total: 1128 creatures vanquished

Notes
Turn   | Place    | Note
-------+----------+-------------------------------------------
     0 | D:1      | BeingJoeMalik the Tengu Fighter began the quest for the
                  | Orb.
     0 | D:1      | Reached XP level 1. HP: 14/14 MP: 2/2
   162 | D:1      | Reached XP level 2. HP: 19/19 MP: 3/3
   263 | D:1      | Reached skill level 3 in Maces & Flails
   282 | D:1      | Found a faded altar of an unknown god.
   581 | D:1      | Reached XP level 3. HP: 23/23 MP: 4/4
   869 | D:2      | Found Lubb's Jewellery Shop.
  1327 | D:2      | Reached XP level 4. HP: 28/28 MP: 5/5
  1340 | D:2      | Reached skill level 4 in Maces & Flails
  1939 | D:3      | Identified the +10 sling of Crusades {vorpal, Will+}
  2091 | D:4      | Found a staircase to the Ecumenical Temple.
  2105 | Temple   | Entered the Ecumenical Temple
  2181 | Temple   | Became a worshipper of Warmaster Okawaru
  2225 | D:4      | Noticed Robin
  2390 | D:4      | Reached skill level 5 in Maces & Flails
  2390 | D:4      | Gained mutation: Your magical nature lets you fly swiftly
                  | and evasively. [Tengu growth]
  2390 | D:4      | Reached XP level 5. HP: 32/32 MP: 6/6
  2420 | D:4      | Killed Robin
  2440 | D:4      | Noticed an ogre
  2458 | D:4      | Killed an ogre
  2459 | D:4      | Reached skill level 6 in Maces & Flails
  2459 | D:4      | Reached XP level 6. HP: 33/37 MP: 7/7
  2581 | D:4      | Noticed Ijyb
  2596 | D:4      | Killed Ijyb
  2683 | D:4      | Identified the +0 plate armour "Qulopp" {rElec}
  2767 | D:4      | Reached * piety under Okawaru
  2853 | D:4      | Reached skill level 7 in Maces & Flails
  2902 | D:4      | Reached XP level 7. HP: 36/41 MP: 8/8
  3639 | D:5      | Entered Level 5 of the Dungeon
  3648 | D:5      | Identified a scroll of acquirement
  3648 | D:5      | Acquired a +4 ring of slaying
  3728 | D:5      | Found a runed translucent gate.
  3728 | D:5      | Found a runed translucent gate.
  3729 | D:5      | Found a runed translucent gate.
  3740 | D:5      | Noticed Anandil's ghost (novice DEFE)
  3770 | D:5      | Reached skill level 8 in Maces & Flails
  4308 | D:5      | Reached skill level 9 in Maces & Flails
  4740 | D:6      | Noticed Blork the orc
  4747 | D:6      | Killed Blork the orc
  4747 | D:6      | Reached ** piety under Okawaru
  4748 | D:6      | Reached XP level 8. HP: 38/46 MP: 9/9
  4841 | D:6      | Reached skill level 10 in Maces & Flails
  5162 | D:6      | Found Apylaeph's Weapon Shop.
  5233 | D:6      | Found a broken altar of Ashenzari.
  5330 | D:6      | Found a sparkling altar of Nemelex Xobeh.
  5633 | D:7      | Reached *** piety under Okawaru
  5634 | D:7      | Reached skill level 11 in Maces & Flails
  5792 | D:7      | Reached XP level 9. HP: 50/50 MP: 10/10
  5872 | D:7      | Reached skill level 12 in Maces & Flails
  6169 | D:7      | Found a shadowy altar of Dithmenos.
  6183 | D:7      | Found a stormy altar of Qazlal.
  6417 | D:7      | Acquired 894 gold pieces
  6439 | D:7      | Reached skill level 13 in Maces & Flails
  6451 | D:8      | Reached **** piety under Okawaru
  6572 | D:8      | Identified the +6 morningstar "Xysif" {protect, *Rage Fly
                  | rElec Str+5}
  6585 | D:8      | Identified the +8 long sword of the Breathing King
                  | {protect, rElec rN+ MP-9 Dex+9}
  6627 | D:8      | Reached skill level 14 in Maces & Flails
  6689 | D:8      | Found a shimmering blue altar of Sif Muna.
  6689 | D:8      | Found a snail-covered altar of Cheibriados.
  6788 | D:8      | Found Nysmoz's Weapon Boutique.
  6788 | D:8      | Noticed a troll
  6803 | D:8      | Killed a troll
  6804 | D:8      | Reached XP level 10. HP: 37/56 MP: 11/11
  6902 | D:8      | Reached skill level 5 in Shields
  6905 | D:8      | Reached skill level 1 in Dodging
  6907 | D:8      | Noticed a two-headed ogre
  6919 | D:8      | Killed a two-headed ogre
  7365 | D:9      | Reached ***** piety under Okawaru
  7388 | D:9      | Noticed a purple ugly thing
  7389 | D:9      | Found a hide-covered altar of Uskayaw.
  7399 | D:9      | Found a transporter.
  7428 | D:9      | Reached skill level 5 in Armour
  7836 | D:9      | Found a transporter.
  7898 | D:9      | Reached skill level 5 in Fighting
  7920 | D:9      | Found a staircase to the Lair.
  7978 | D:9      | Received a gift from Okawaru
  8056 | D:10     | Entered Level 10 of the Dungeon
  8156 | D:5      | Killed Anandil's ghost
  8157 | D:5      | Reached XP level 11. HP: 64/64 MP: 12/12
  8320 | D:10     | Found a staircase to the Orcish Mines.
  8342 | D:10     | Reached skill level 5 in Dodging
  8451 | D:10     | Found a radiant altar of Vehumet.
  8554 | D:10     | Noticed a two-headed ogre
  8561 | D:10     | Killed a two-headed ogre
  8601 | D:10     | Noticed a two-headed ogre
  8610 | D:10     | Killed a two-headed ogre
  8674 | D:10     | Noticed a deep elf knight
  8679 | D:10     | Noticed a two-headed ogre
  8689 | D:10     | Killed a deep elf knight
  8691 | D:10     | Noticed a two-headed ogre
  8720 | D:10     | Killed a two-headed ogre
  8726 | D:10     | Killed a two-headed ogre
  8726 | D:10     | Reached ****** piety under Okawaru
  8795 | D:10     | Identified the +9 plate armour "Xoodui" {Will+} (Okawaru
                  | gifted it to you on level 10 of the Dungeon)
  8795 | D:10     | Received a gift from Okawaru
  9260 | Orc:1    | Entered Level 1 of the Orcish Mines
  9548 | Orc:1    | Found Cetechuh's Weapon Shop.
  9554 | Orc:1    | Reached XP level 12. HP: 75/75 MP: 13/13
  9721 | Orc:2    | Entered Level 2 of the Orcish Mines
  9932 | Orc:2    | Noticed an orc high priest
  9979 | Orc:2    | Noticed a sun demon
 10016 | Orc:2    | Killed an orc high priest
 10106 | Orc:2    | Noticed an orc warlord
 10128 | Orc:2    | Killed an orc warlord
 10129 | Orc:2    | Reached skill level 10 in Fighting
 10369 | Orc:2    | Paralysed by an orc sorcerer for 5 turns
 10608 | Orc:2    | Found Qunuwunu's Jewellery Shop.
 10649 | Orc:2    | Found Ikyshry's Antique Weapon Shop.
 10714 | Orc:2    | Found a staircase to the Elven Halls.
 10779 | Orc:2    | Found Piadij's Antique Armour Shop.
 10794 | Orc:2    | Found Plog's General Store.
 10801 | Orc:2    | Bought a throwing net for 36 gold pieces
 10977 | Orc:2    | Bought a glimmering leather armour for 231 gold pieces
 10977 | Orc:2    | Identified the +1 leather armour "Zesuhask" {rPois SInv}
                  | (You bought it in a shop on level 2 of the Orcish Mines)
 11162 | D:6      | Bought the +7 great mace "Undeadhunter" {disrupt, rN+} for
                  | 527 gold pieces
 11162 | D:6      | Found the +7 great mace "Undeadhunter" {disrupt, rN+}
 11338 | Orc:2    | Bought a ring of poison resistance for 360 gold pieces
 11477 | Lair:1   | Entered Level 1 of the Lair of Beasts
 11840 | Lair:1   | Identified the +1 morningstar of Tenacity {protect, Will+}
                  | (Okawaru gifted it to you on level 1 of the Lair of Beasts)
 11840 | Lair:1   | Received a gift from Okawaru
 12024 | Lair:1   | Noticed Gastronok
 12049 | Lair:1   | Killed Gastronok
 12050 | Lair:1   | Reached skill level 15 in Maces & Flails
 12050 | Lair:1   | Reached XP level 13. HP: 84/84 MP: 14/14
 13102 | Lair:2   | Reached skill level 16 in Maces & Flails
 13718 | Lair:3   | Found a staircase to the Snake Pit.
 13987 | Lair:3   | Noticed Sonja
 14213 | Lair:3   | Killed Sonja
 14421 | Lair:3   | Received a gift from Okawaru
 14421 | Lair:3   | Found the +9 sword of Zonguldrok {reap}
 14614 | Lair:3   | Found a staircase to the Swamp.
 14626 | Lair:3   | Reached skill level 10 in Dodging
 14904 | Lair:4   | Identified the +10 chain mail of the Sea {Drain rElec rN+++
                  | rCorr Str-4}
 15174 | Lair:4   | Noticed Snorg
 15184 | Lair:4   | Killed Snorg
 15185 | Lair:4   | Reached skill level 17 in Maces & Flails
 15204 | Lair:4   | Identified the ring "Qeat" {rC+ AC+4 Str+4}
 15246 | Lair:4   | Found a staircase to the Slime Pits.
 15246 | Lair:4   | Found a viscous altar of Jiyva.
 15318 | Lair:4   | Reached XP level 14. HP: 92/92 MP: 15/15
 15645 | Lair:5   | Entered Level 5 of the Lair of Beasts
 15837 | Lair:5   | Received a gift from Okawaru
 16294 | Lair:5   | Reached skill level 18 in Maces & Flails
 16474 | Lair:5   | Received a gift from Okawaru
 16961 | Lair:5   | Found a runed translucent door.
 17135 | Lair:5   | Identified the +7 dire flail "Vyurchig" {vorpal, rN++ Will+
                  | MP+9 Stlth+} (Okawaru gifted it to you on level 5 of the
                  | Lair of Beasts)
 17135 | Lair:5   | Received a gift from Okawaru
 17256 | Lair:5   | Acquired the ring of Anarchy {rN+ Will+ Int+3}
 17257 | Lair:5   | Acquired the +3 crown of Dyrovepreva {rElec Int+2 SInv}
 17257 | Lair:5   | Found the +3 crown of Dyrovepreva {rElec Int+2 SInv}
 17489 | D:11     | Reached XP level 15. HP: 99/99 MP: 16/16
 17635 | D:11     | Reached skill level 19 in Maces & Flails
 17685 | D:11     | Found a frozen archway.
 17718 | IceCv    | Entered an ice cave
 17734 | IceCv    | Found a transporter.
 17756 | IceCv    | Found a transporter.
 17776 | IceCv    | Received a gift from Okawaru
 18419 | D:12     | Identified the +0 buckler of Limitation {Regen+} (Okawaru
                  | gifted it to you on level 12 of the Dungeon)
 18419 | D:12     | Received a gift from Okawaru
 18768 | D:12     | Found a runed translucent gate.
 18768 | D:12     | Found a runed translucent gate.
 18769 | D:12     | Found a runed translucent gate.
 18770 | D:12     | Found an opulent altar of Gozag.
 19183 | D:12     | Noticed Wyet's ghost (journeyman HOFi)
 19706 | D:13     | Found Zoraiz's Antique Weapon Shop.
 19933 | D:13     | Reached skill level 20 in Maces & Flails
 19968 | D:13     | Noticed a fire giant
 19973 | D:13     | Noticed an orc warlord
 19977 | D:13     | Killed a fire giant
 20011 | D:13     | Killed an orc warlord
 20081 | D:13     | Received a gift from Okawaru
 20605 | D:14     | Found an iron altar of Okawaru.
 20614 | D:14     | Identified the +9 falchion of World Downfall {freeze,
                  | Fragile Will++ rCorr Int+2}
 20736 | D:14     | Reached skill level 1 in Throwing
 20769 | D:14     | Found a gate to the Vaults.
 20778 | D:14     | Reached XP level 16. HP: 107/107 MP: 17/17
 20943 | D:14     | Upgraded the game from 0.29.1-12-g30fa7ad0bf to
                  | 0.29.1-13-g9f3cf754e1
 21286 | Swamp:1  | Entered Level 1 of the Swamp
 21394 | Snake:1  | Entered Level 1 of the Snake Pit
 21480 | Snake:1  | Received a gift from Okawaru
 21714 | Snake:1  | Reached skill level 1 in Stealth
 21774 | Snake:1  | Reached skill level 15 in Fighting
 22324 | Snake:1  | Found Vayrch's Tremendous Tomes.
 22803 | Snake:2  | Identified the +1 kite shield of Razeic {rElec rN++ Str-3
                  | Stlth+} (Okawaru gifted it to you on level 2 of the Snake
                  | Pit)
 22803 | Snake:2  | Received a gift from Okawaru
 23121 | Snake:2  | Noticed a nagaraja
 23217 | Snake:2  | Killed a nagaraja
 23888 | Snake:3  | Found Moudox's Antique Armour Shoppe.
 23890 | Snake:3  | Found Gaig's Distillery.
 23892 | Snake:3  | Found Tysch's Armour Shoppe.
 23908 | Snake:3  | Reached skill level 5 in Throwing
 23932 | Snake:3  | Bought a potion of curing for 63 gold pieces
 23932 | Snake:3  | Bought a potion of heal wounds for 105 gold pieces
 24241 | Snake:4  | Entered Level 4 of the Snake Pit
 24257 | Snake:4  | Identified the -1 pair of gloves of Okawaru's Inspiration
                  | {rC+ Regen+} (Okawaru gifted it to you on level 4 of the
                  | Snake Pit)
 24257 | Snake:4  | Received a gift from Okawaru
 24432 | Snake:4  | Reached XP level 17. HP: 87/115 MP: 18/18
 24508 | Snake:4  | Found Wedaostua's Book Shop.
 25228 | Snake:4  | Reached skill level 5 in Stealth
 25458 | Snake:4  | Reached skill level 15 in Dodging
 25576 | Snake:4  | Received a gift from Okawaru
 26227 | Snake:4  | Received a gift from Okawaru
 26433 | Snake:4  | Received a gift from Okawaru
 26806 | Snake:4  | Got a serpentine rune of Zot
 27245 | Swamp:1  | Received a gift from Okawaru
 27418 | Swamp:1  | Received a gift from Okawaru
 27536 | Swamp:1  | Identified the +5 chain mail "Rumat" {rC+} (Okawaru gifted
                  | it to you on level 1 of the Swamp)
 27536 | Swamp:1  | Received a gift from Okawaru
 27843 | Swamp:2  | Reached XP level 18. HP: 124/124 MP: 19/19
 27946 | Swamp:2  | Reached skill level 1 in Invocations
 28507 | Swamp:3  | Noticed Bai Suzhen
 28524 | Swamp:3  | Killed Bai Suzhen
 29197 | Swamp:4  | Entered Level 4 of the Swamp
 29495 | Swamp:4  | Received a gift from Okawaru
 29862 | Swamp:4  | Received a gift from Okawaru
 30098 | Swamp:4  | Received a gift from Okawaru
 30141 | Swamp:4  | Identified the +1 hat "Riutoarr" {+Blink +Inv Slay-2
                  | Stlth+} (Okawaru gifted it to you on level 4 of the Swamp)
 30141 | Swamp:4  | Received a gift from Okawaru
 30163 | Swamp:4  | Noticed the 27-headed Lernaean hydra
 30191 | Swamp:4  | Killed the 27-headed Lernaean hydra
 30278 | Swamp:4  | Got a decaying rune of Zot
 30746 | Elf:1    | Entered Level 1 of the Elven Halls
 30926 | Elf:1    | Found a magical portal.
 30934 | WizLab   | Entered Yara's Duelist Academy
 30949 | WizLab   | Noticed a quicksilver dragon
 31084 | WizLab   | Killed a quicksilver dragon
 31179 | WizLab   | Reached XP level 19. HP: 59/132 MP: 6/23
 31329 | WizLab   | Noticed Guteirin
 31418 | WizLab   | Killed Guteirin the Head Instructor
 31419 | WizLab   | Reached skill level 5 in Invocations
 31762 | WizLab   | Got Yara's Tractate on Malediction
 31775 | WizLab   | Found the +5 demon whip "Spellbinder" {antimagic, Will+}
 31861 | WizLab   | Identified the ring "Xenunus" {Fly MP+9 Str-3 Stlth+}
 32636 | Elf:2    | Received a gift from Okawaru
 32707 | Elf:2    | Killed from afar by a deep elf high priest

Illustrated notes

Levels and vault maps discovered:
D:1:      sevenhm_arrival_forest_fort_small_3, layout_basic,
          shapermc_ecumenical_altar_flowoftime, minmay_pentomino_z2
D:2:      layout_basic, serial_shops, nicolae_shop_window_shopping,
          minmay_split_cup_large
D:3:      layout_basic, st_stairs_11, minivault_19, kennysheep_potato
D:4:      layout_basic, minmay_temple_entry_statues_fountains, uniq_robin,
          uniq_ijyb
D:5:      layout_gridville, gammafunk_ghost_necromancy
D:6:      layout_basic, mainiacjoe_overflow_paths, mainiacjoe_overflow_alcove_4,
          serial_shops, nicolae_shop_waterfront, chequers_serial_rivers_micro_b,
          minmay_curled_crystal, uniq_blork_the_orc
D:7:      layout_basic, mainiacjoe_overflow_big_doors
D:8:      layout_rooms, gammafunk_temple_overflow_elements, serial_shops,
          nicolae_shop_bloodbath_and_beyond, minmay_mini_ossuary
D:9:      layout_irregular_city, gammafunk_temple_overflow_arena,
          david_lair_shrubbed
D:10:     layout_irregular_city, vehumet_crystals,
          minmay_orc_entry_temple_small, evilmike_minifort
D:11:     layout_basic, serial_ice, serial_ice_m, serial_ice_b, serial_ice_n,
          serial_ice_e, serial_ice_f, serial_ice_i,
          portal_ice_cave_entry_animals_and_master
D:12:     layout_cave_pods, ebering_ghost_gozag, minmay_starry_boxes
D:13:     kennysheep_four_of_diamonds, layout_irregular_city, serial_shops,
          nicolae_shop_advertising_works [nicolae_subvault_shop_adworks]
D:14:     layout_cave_pools, david_vaults_1, chequers_avenue, okawaru_gym_becter
Temple:   zaba_magenta_temple
Lair:1:   layout_cave_pods, uniq_gastronok
Lair:2:   layout_cave_pods, grunt_megastairs_2, lemuel_fruit_fields,
          serial_bayou_shore_b, lemuel_fruit_fields
Lair:3:   layout_roguey, minmay_swamp_entry_worms,
          minmay_snake_entry_six_corridors, minivault_26, minivault_11,
          chequers_serial_rivers_micro_d, kennysheep_abandoned_house, uniq_sonja
Lair:4:   layout_gridlike, slime_entry_1, infiniplex_staircase_pool_2,
          grunt_megastairs_4, uniq_snorg
Lair:5:   wormcave, layout_layer_cave, hangedman_lair_tendril_chambers,
          special_room [special_room_mythical_zoo]
Swamp:1:  layout_falls_marsh, evilmike_swamp_ruin_house_6
Swamp:2:  layout_falls_marsh, nicolae_swamp_rocky_clearing
Swamp:3:  layout_basic_swamp, evilmike_swamp_ruin_house_3, uniq_bai_suzhen
Swamp:4:  grunt_swamp_rune_castle, layout_basic_swamp
Snake:1:  layout_cave_pods, nicolae_shop_i_like_big_books, st_stairs_12
Snake:2:  layout_gridlike
Snake:3:  layout_onion, minmay_shop_star
Snake:4:  grunt_snake_rune_pools, layout_cave_town, serial_shops,
          nicolae_shop_trees, nicolae_snake_shapes
Orc:1:    layout_caves, serial_shops, nicolae_shop_stone
Orc:2:    grunt_orc_cross, layout_diamond_mine
Elf:1:    nicolae_elf_arrival_aired_out, layout_gridlike, mu_enter_wizlab_2,
          minmay_elf_demonology
Elf:2:    nicolae_elf_blades_crystal_corner, layout_loops_ring, uniq_louise

Skill      XL: |  1  2  3  4  5  6  7  8  9 10 11 12 13 14 15 16 17 18 19 |
---------------+----------------------------------------------------------+-----
Maces & Flails | 3 5 6 7 9 11 14 15 17 18 20 | 20.3
Shields        | 4 6 7 8 |  8.7
Dodging        | 4 7 9 10 11 12 14 16 17 | 17.8
Armour         | 5 6 7 8 9 |  9.7
Fighting       | 5 8 11 12 13 14 16 17 18 19 | 19.0
Throwing       | 1 5 |  5.0
Stealth        | 4 5 6 7 |  7.1
Invocations    | 4 5 |  5.4

Action                   |  1- 3 |  4- 6 |  7- 9 | 10-12 | 13-15 | 16-18 | 19-21 || total
-------------------------+-------+-------+-------+-------+-------+-------+-------++-------
Melee: Flail             |    82 |   101 |   198 |       |       |       |       ||   381
       Kick              |    10 |    22 |    76 |   126 |   327 |   464 |    42 ||  1067
       Peck              |     4 |    15 |    45 |    68 |   177 |   302 |    38 ||   649
       Morningstar       |       |       |     7 |   424 |   830 |   961 |       ||  2222
       Dire flail        |       |       |       |       |       |    79 |    66 ||   145
       Demon whip        |       |       |       |       |       |       |    31 ||    31
Throw: Dart              |       |    17 |     6 |     9 |    12 |     7 |     3 ||    54
       Throwing net      |       |       |       |     1 |       |     1 |     1 ||     3
Invok: Heroism           |       |       |       |     1 |     1 |     2 |       ||     4
Evoke: Wand              |       |     4 |       |       |     1 |       |       ||     5
  Use: Scroll            |       |       |    16 |    10 |     7 |     8 |     2 ||    43
       Potion            |       |       |     1 |     4 |     1 |     4 |     1 ||    11
 Stab: Sleeping          |       |       |       |     3 |     2 |    16 |     3 ||    24
       Held in net/web   |       |       |       |     1 |       |       |       ||     1
       Distracted        |       |       |       |       |     2 |     6 |       ||     8
Armor: Scale mail        |    35 |    43 |    72 |       |       |       |       ||   150
       Ring mail         |       |       |    15 |       |       |       |       ||    15
       Troll leather arm |       |       |       |    80 |   217 |    12 |    12 ||   321
       Leather armour    |       |       |       |       |       |   242 |       ||   242
       Swamp dragon scal |       |       |       |       |       |    85 |       ||    85
Dodge: Dodged            |    38 |    34 |    74 |   273 |   555 |   952 |    74 ||  2000
       Repelled          |       |       |       |       |       |     3 |     4 ||     7
Block: Buckler           |    15 |    20 |    28 |    96 |   219 |    27 |       ||   405
       Kite shield       |       |       |       |       |       |   635 |    10 ||   645
